 Dungeon Crawl Stone Soup version 0.25-a0-631-gc915619 (webtiles) character file.

Game seed: 9017331919201810663, levelgen mode: deterministic

2666 BlueFish the Covert (level 9, -7/56 (57) HPs)
             Began as an Octopode Assassin on Mar 18, 2020.
             Was a Follower of Dithmenos.
             Mangled by a cyclops (15 damage)
             ... on level 8 of the Dungeon.
             The game lasted 00:26:27 (8016 turns).

BlueFish the Covert (Octopode Assassin)             Turns: 8016, Time: 00:26:27

HP:   -7/56 (57)    AC:  1    Str: 10    XL:     9   Next: 63%
MP:   0/11          EV: 13    Int: 13    God:    Dithmenos [*.....]
Gold: 801           SH:  0    Dex: 17    Spells: 8/8 levels left

rFire    + . .     SeeInvis .   g - +1 dagger (speed)
rCold    . . .     Gourm    .   (no shield)
rNeg     . . .     Faith    .   (helmet restricted)
rPois    .         Spirit   +   z - amulet of guardian spirit
rElec    .         Reflect  .   l - ring of protection from fire
rCorr    .         Harm     .   A - -2 ring of evasion (curse)
MR       .....                  (no ring)
Stlth    +++++++...             (no ring)
HPRegen  0.18/turn              (no ring)
MPRegen  0.12/turn              (no ring)
                                (no ring)
                                (no ring)

@: wreathed by umbra
A: almost no armour, stealthy swim, amphibious, 8 rings, constrict 8, camouflage
1, gelatinous body 1
a: Renounce Religion


You were on level 8 of the Dungeon.
You worshipped Dithmenos.
Dithmenos was aware of your devotion.
You were hungry.

You visited 2 branches of the dungeon, and saw 10 of its levels.

You collected 801 gold pieces.

Inventory:

Hand Weapons
 a - a +2 dagger
 f - a +1 dagger of venom
 g - a +1 dagger of speed (weapon)
 j - a +2 short sword of speed
Missiles
 b - 24 poisoned darts (quivered)
 c - 2 curare-tipped darts
 k - 8 atropa-tipped darts
 t - 3 boomerangs of dispersal
Jewellery
 i - a cursed ring of teleportation {unknown}
 l - a ring of protection from fire (left tentacle)
 z - an amulet of guardian spirit (around mantle)
 A - a cursed -2 ring of evasion (right tentacle)
Scrolls
 o - a scroll of fear
 r - 5 scrolls of amnesia
 v - a scroll of enchant weapon
 x - 2 scrolls of remove curse
Potions
 e - 2 potions of stabbing
 h - 6 potions of curing
 m - a potion of magic
 n - a potion of resistance {unknown}
 p - 2 potions of berserk rage
 q - 2 potions of haste
 s - a potion of flight
 u - a potion of might
 w - a potion of mutation
 B - a potion of ambrosia {unknown}
Comestibles
 d - 10 rations


   Skills:
 + Level 3.4 Fighting
 * Level 6.7 Short Blades
 * Level 5.3 Throwing
 * Level 4.1 Dodging
 * Level 12.2 Stealth
 * Level 2.7 Invocations


You had 8 spell levels left.
You didn't know any spells.
Your spell library was empty.

Dungeon Overview and Level Annotations

Branches:
Dungeon (9/15)             Temple (1/1) D:6
   Lair: D:8-11         Orc: D:9-12

Altars:
Ashenzari
Cheibriados
Dithmenos
Elyvilon
Fedhas
Gozag
Hepliaklqana
Kikubaaqudgha
Makhleb
Nemelex Xobeh
Okawaru
Qazlal
Ru
Sif Muna
Trog
Uskayaw
Vehumet
Wu Jian
Xom
Yredelemnul
Zin
The Shining One

Shops:
D:7 [

Annotations:
D:9 Erolcha


Innate Abilities, Weirdness & Mutations

You cannot wear most types of armour.
You are very stealthy in the water. (Stealth+)
You are amphibious.
You can wear up to eight rings at the same time.
You can use your tentacles to constrict eight enemies at once.
Your skin changes colour to match your surroundings (Stealth+).
Your rubbery body absorbs attacks. (AC +1, EV +1)


Message History

* * * LOW HITPOINT WARNING * * *
The bullfrog closely misses you.
A cyclops comes into view.
The bullfrog hits you.
* * * LOW HITPOINT WARNING * * *
You see here a golden ring.
i - a golden ring The bullfrog closely misses you. x2; The bullfrog hits you.
* * * LOW HITPOINT WARNING * * *
Okay, then.
The bullfrog closely misses you. The bullfrog barely misses you.
A quokka comes into view.
The bullfrog closely misses you. The bullfrog hits you. The bullfrog hits you!
* * * LOW HITPOINT WARNING * * *
The bullfrog barely misses you. The bullfrog closely misses you.
The cyclops shouts!
You hit the cyclops but do no damage. The cyclops hits you!!
You die...

#.....#
#.....#
#.....#
+.)...#
#.....#
#.....#
#.....#
#.FF..#
#..@..#
#.C...#
#.....#
#.r...#
#.....#
#.....#
.######
..


You could see a cyclops, 2 bullfrogs and a quokka (wandering).

Vanquished Creatures
  A troll (D:6)
  A hungry ghost (D:7)
  A necrophage (D:9)
  3 ice beasts
  3 orc warriors (D:6)
  4 ogres
  A centaur (D:4)
  4 bullfrogs (D:6)
  2 scorpions
  A wight (D:6)
  3 howler monkeys (D:9)
  2 crimson imps (D:5)
  4 hounds
  An orc priest (D:6)
  Crazy Yiuf (D:2)
  2 orc wizards (D:4)
  A bullfrog skeleton (D:7)
  5 worker ants
  Terence (D:2)
  A worker ant zombie (D:6)
  Robin (D:2)
  6 adders
  5 gnolls
  3 shadow imps
  2 oozes
  An adder zombie (D:5)
  A worm (D:3)
  2 dart slugs
  8 leopard geckos
  16 orcs
  6 giant cockroaches
  13 goblins
  13 hobgoblins
  6 jackals
  7 kobolds
  A quokka (D:3)
  2 ball pythons
  2 ball python skeletons
  6 bats
  11 frilled lizards
  2 rats
156 creatures vanquished.

Notes
Turn   | Place    | Note
-------+----------+-------------------------------------------
     0 | D:1      | BlueFish the Octopode Assassin began the quest for the Orb.
     0 | D:1      | Reached XP level 1. HP: 14/14 MP: 1/1
    23 | D:1      | Reached XP level 2. HP: 14/19 MP: 2/2
   353 | D:1      | Reached skill level 6 in Stealth
   362 | D:1      | Reached XP level 3. HP: 24/24 MP: 3/3
  1176 | D:2      | Found a runed translucent door.
  1177 | D:2      | Noticed Crazy Yiuf
  1248 | D:2      | Killed Crazy Yiuf
  1248 | D:2      | Reached XP level 4. HP: 17/29 MP: 4/4
  1536 | D:2      | Reached skill level 7 in Stealth
  1602 | D:2      | Noticed Robin
  1746 | D:2      | Found a white marble altar of Elyvilon.
  1751 | D:2      | Found a snail-covered altar of Cheibriados.
  1752 | D:2      | Found a bloodstained altar of Trog.
  1859 | D:2      | Noticed Terence
  1866 | D:2      | Killed Terence
  1866 | D:2      | Reached XP level 5. HP: 34/34 MP: 5/5
  1884 | D:2      | Killed Robin
  2348 | D:3      | Noticed an ogre
  2369 | D:3      | Killed an ogre
  2369 | D:3      | Reached skill level 8 in Stealth
  2369 | D:3      | Reached XP level 6. HP: 32/39 MP: 6/6
  2420 | D:3      | Found an opulent altar of Gozag.
  3681 | D:4      | Found an iron altar of Okawaru.
  3720 | D:4      | Reached skill level 9 in Stealth
  3720 | D:4      | Reached XP level 7. HP: 23/45 MP: 7/7
  4276 | D:5      | Entered Level 5 of the Dungeon
  5159 | D:5      | Reached skill level 10 in Stealth
  5159 | D:5      | Reached XP level 8. HP: 51/51 MP: 8/8
  5296 | D:5      | Reached skill level 5 in Short Blades
  5673 | D:6      | HP: 1/51 [wight/+0 halberd (10)]
  6068 | D:6      | Found a staircase to the Ecumenical Temple.
  6079 | Temple   | Entered the Ecumenical Temple
  6147 | Temple   | Became a worshipper of Dithmenos the Shadowed
  6713 | D:7      | Found Caang's Armour Emporium.
  6809 | D:6      | Reached skill level 11 in Stealth
  6935 | D:6      | Reached skill level 1 in Invocations
  6964 | D:6      | Reached XP level 9. HP: 13/57 MP: 0/10
  7424 | D:6      | Noticed a troll
  7476 | D:6      | Killed a troll
  7781 | D:7      | Reached skill level 12 in Stealth
  7795 | D:7      | You fall into a shaft and drop 2 floors!
  7807 | D:9      | Found a hazy altar of Hepliaklqana.
  7824 | D:9      | Reached * piety under Dithmenos
  7898 | D:9      | Noticed Erolcha
  7930 | D:9      | Reached skill level 5 in Throwing
  8008 | D:8      | Noticed a cyclops
  8016 | D:8      | Mangled by a cyclops

Levels and vault maps discovered:
D:1:      sevenhm_arrival_forest_fort_large_4, layout_loops_corners
D:2:      layout_loops_ring, minitemple, first_ration, uniq_terence, uniq_robin,
          uniq_crazy_yiuf_cottage
D:3:      layout_basic, grunt_gozag_statues, grunt_ministairs_4
D:4:      kennysheep_six_static_rooms, layout_basic, kennysheep_mini
D:5:      layout_basic
D:6:      minmay_klotski, layout_basic, temple_pool_b,
          hangedman_abyss_or_decor_passed
D:7:      layout_layer_cave, serial_shops, nicolae_shop_statue_plus, uniq_joseph
D:8:      layout_gridville, dpeg_oklobed_lair, basic_altar
D:9:      kennysheep_housing_project, layout_basic, old_standard_altar,
          serial_undead, serial_undead_e, serial_undead_d, serial_undead_d,
          serial_undead_b, uniq_pikel, uniq_maggie, uniq_erolcha
Temple:   nicolae_temple_elliptical

Skill      XL: |  1  2  3  4  5  6  7  8  9 |
---------------+----------------------------+-----
Stealth        | 6 7 8 9 10 11 12 | 12.2
Short Blades   | 3 4 6 |  6.7
Dodging        | 2 3 4 |  4.1
Throwing       | 3 4 5 |  5.3
Fighting       | 3 |  3.4
Invocations    | 1 2 |  2.7

Action                   |  1- 3 |  4- 6 |  7- 9 || total
-------------------------+-------+-------+-------++-------
Melee: Dagger            |    50 |   185 |   307 ||   542
       Constrict         |     7 |    33 |    33 ||    73
       Tentacles         |     7 |    44 |    77 ||   128
Throw: Dart              |       |       |    39 ||    39
       Boomerang         |       |       |     1 ||     1
  Use: Scroll            |     3 |     6 |    12 ||    21
       Potion            |       |       |     2 ||     2
 Stab: Sleeping          |    14 |    19 |    14 ||    47
       Distracted        |       |     1 |     5 ||     6
       Invisible         |       |       |     1 ||     1
  Eat: Chunk             |     1 |     8 |    11 ||    20
       Ration            |       |       |     1 ||     1
Armor: Skin              |     4 |     4 |     6 ||    14
Dodge: Dodged            |    21 |    59 |   128 ||   208

Table legend:
 A = Non-vault XP
 B = Vault XP
 C = Vault XP percentage of total XP
 D = Non-vault monster count
 E = Vault monster count
 F = Vault count percentage of total count
                 A         B        C        D         E       F
            +---------+---------+-------+---------+---------+-------
      Total |    2311 |    1498 |  39.3 |     117 |      39 |  25.0
            +---------+---------+-------+---------+---------+-------
        D:1 |      55 |       0 |   0.0 |      22 |       0 |   0.0
        D:2 |      34 |     106 |  75.7 |      12 |      13 |  52.0
        D:3 |     219 |      12 |   5.2 |      26 |       4 |  13.3
        D:4 |     462 |      38 |   7.6 |      16 |       5 |  23.8
        D:5 |     503 |       0 |   0.0 |      14 |       0 |   0.0
        D:6 |     367 |    1212 |  76.8 |      13 |      16 |  55.2
        D:7 |     263 |       0 |   0.0 |       9 |       0 |   0.0
        D:9 |     408 |     130 |  24.2 |       5 |       1 |  16.7
            +---------+---------+-------+---------+---------+-------
